Map: Pilares de oro EE

Players

MrFercho

  • Race: Zerg Zerg
  • League: Silver
  • Spawn Location: 7:00

Entangled - Winner!

  • Race: Zerg Zerg
  • League: Silver
  • Spawn Location: 1:00

VOD

Have the link to the VOD?

Description

Time

  • Played on: June 22, 2020, 10:51 a.m.
  • Length: 22:05
Show
View Real Time Build Order
Export as new Build Order

MrFercho Zerg 

Build Orders: Hatch First 

Get SALT Encoding   

  12  0:01  Drone  
  13  0:14  Overlord  
  13  0:19  Drone  
  14  0:33  Drone x2  
  16  0:55  Hatchery  
  16  0:56  Drone  
  16  1:11  Spawning Pool  
  16  1:13  Drone  
  16  1:17  Drone  
  17  1:21  Drone  
  18  1:26  Drone  
  19  1:37  Extractor, Drone  
  19  1:46  Drone  
  20  2:02  Drone  
  20  2:07  Queen  
  20  2:08  Queen  
  25  2:09  Overlord  
  25  2:10  Overlord  
  25  2:19  Drone x2  
  27  2:30  Drone x2  
  29  2:39  Drone  
  29  2:40  Drone  
  31  2:48  Lair  
  31  2:58  Drone x2  
  33  3:05  Drone x2  
  35  3:12  Overlord  
  35  3:13  Overlord  
  35  3:19  Drone x2  
  37  3:20  Drone  
  38  3:33  Roach Warren  
  38  3:41  Drone x6  
  38  3:44  Evolution Chamber  
  42  3:57  Extractor  
  42  4:01  Extractor, Drone x3  
  43  4:08  Drone  
  44  4:14  Extractor  
  44  4:16  Drone x2  
  45  4:31  Drone  
  46  4:34  Drone  
  46  4:35  Drone  
  48  4:46  Hatchery  
  47  4:54  Roach  
  47  4:55  Roach  
  51  5:01  Zerg Missile Weapons Level 1  
  51  5:02  Hatchery  
  51  5:03  Overlord x4  
  50  5:18  Roach  
  62  5:21  Roach x5  
  62  5:24  Drone x4  
  66  5:30  Queen  
  68  5:40  Drone  
  69  5:56  Evolution Chamber  
  68  5:59  Glial Reconstitution  
  68  6:02  Drone  
  68  6:03  Drone x8  
  77  6:07  Extractor  
  76  6:13  Extractor, Drone  
  76  6:23  Zerg Ground Armor Level 1  
  76  6:29  Drone  
  76  6:30  Drone x6  
  76  6:31  Drone x5  
  88  6:45  Drone x4  
  88  6:46  Drone x4  
  96  6:57  Hatchery  
  95  7:02  Overseer  
  95  7:08  Drone  
  95  7:10  Overlord x5  
  95  7:11  Overlord x3  
  96  8:14  Spire  
  96  8:18  Infestation Pit  
  96  8:19  Zerg Missile Weapons Level 2, Zerg Ground Armor Level 2  
  94  8:24  Roach  
  94  8:25  Roach x12  
  120  8:28  Queen  
  122  8:35  Ravager x3  
  122  8:38  Tunneling Claws  
  125  8:43  Drone x4  
  129  8:49  Extractor  
  129  8:51  Extractor  
  127  9:26  Hydralisk Den, Mutalisk x11  
  127  9:27  Mutalisk x5  
  158  9:43  Drone x6  
  164  9:50  Overseer  
  164  10:28  Zerg Flyer Weapons Level 1  
  164  10:33  Spire  
  163  10:38  Drone x3  
  166  10:46  Overlord x4  
  166  10:47  Overlord  
  166  11:31  Hive  
  166  11:44  Mutalisk x9  
  166  11:45  Mutalisk x8  
  182  12:06  Mutalisk x8  
  138  13:13  Hatchery  
  129  13:22  Extractor  
  129  13:23  Hatchery  
  129  13:25  Mutalisk  
  129  13:26  Mutalisk x15  
  145  13:33  Mutalisk  
  147  13:49  Hydralisk x7  
  152  14:13  Zerg Flyer Weapons Level 2, Zerg Flyer Armor Level 1  
  149  14:24  Drone x6  
  149  14:25  Drone x3  
  149  14:26  Hatchery  
  119  15:09  Drone x9  
  118  15:19  Muscular Augments  
  114  15:23  Drone x3  
  114  15:27  Drone x3  
  100  15:38  Drone x9  
  100  15:39  Drone  
  110  15:52  Hydralisk x7  
  124  16:06  Hydralisk x8  
  140  16:21  Hydralisk  
  140  16:22  Hydralisk x7  
  156  16:30  Grooved Spines  
  156  16:31  Extractor  
  155  16:38  Extractor  
  152  16:41  Extractor x2  
  130  16:52  Hydralisk  
  130  16:53  Hydralisk x16  
  152  17:15  Zerg Missile Weapons Level 3, Zerg Ground Armor Level 3  
  128  17:18  Hydralisk  
  128  17:19  Hydralisk  
  99  17:35  Hydralisk x4  
  99  17:36  Hydralisk  
  107  17:41  Zergling x14  
  107  17:42  Zergling x12  
  120  17:45  Metabolic Boost  
  120  18:10  Drone x14  
  134  18:16  Hydralisk x4  
  142  18:45  Hydralisk  
  142  18:46  Hydralisk x15  
  144  18:58  Overseer  
  135  19:03  Lurker Den  
  135  19:05  Hydralisk  
  135  19:06  Hydralisk x2  
  138  19:19  Spine Crawler  
  138  19:21  Hydralisk x5  
  138  19:22  Hydralisk, Spine Crawler  
  128  19:28  Zergling x4  
  128  19:29  Zergling x16  
  112  19:38  Hydralisk  
  112  19:39  Hydralisk x4  
  87  20:02  Zergling x10  
  87  20:03  Zergling x10  
  70  20:30  Zergling x12  
  70  20:31  Zergling x18  
  77  20:38  Spine Crawler  
  52  21:03  Zergling x16  
  53  21:31  Mutalisk x12  
Show
View Real Time Build Order
Export as new Build Order

Entangled Zerg - Winner!

Build Orders: Hatch First 

Get SALT Encoding   

  13  0:14  Drone  
  13  0:15  Overlord  
  13  0:22  Drone  
  14  0:33  Drone  
  15  0:49  Drone x2  
  17  1:07  Hatchery  
  17  1:09  Drone x2  
  18  1:20  Spawning Pool  
  17  1:26  Drone  
  18  1:35  Drone  
  18  1:39  Extractor  
  18  2:09  Overlord  
  18  2:11  Drone x2  
  18  2:13  Queen  
  22  2:24  Queen  
  22  2:26  Drone x2  
  26  2:32  Drone x2  
  28  2:41  Drone  
  29  2:50  Drone  
  30  2:54  Queen  
  32  3:09  Drone x4  
  36  3:30  Overlord x4  
  36  3:42  Roach Warren  
  36  3:48  Queen  
  37  4:08  Drone  
  37  4:09  Drone x9  
  47  4:23  Evolution Chamber x2  
  45  4:39  Hatchery  
  44  4:45  Extractor  
  44  4:48  Drone x3  
  44  4:49  Drone  
  44  4:50  Drone x2  
  44  4:51  Queen  
  51  5:04  Roach  
  51  5:05  Roach x7  
  67  5:09  Zerg Missile Weapons Level 1  
  67  5:10  Zerg Ground Armor Level 1  
  67  5:27  Overlord x3  
  67  5:45  Queen  
  69  5:55  Lair  
  69  6:02  Queen  
  71  6:10  Drone  
  71  6:11  Drone x14  
  86  6:38  Overlord  
  86  6:39  Overlord x3  
  86  6:52  Drone  
  86  6:53  Drone  
  88  6:55  Extractor  
  88  6:58  Drone x2  
  88  6:59  Drone x2  
  91  7:03  Roach x11  
  113  7:35  Roach  
  113  7:36  Roach x7  
  129  7:45  Hatchery  
  128  7:54  Overlord x4  
  128  8:10  Hydralisk Den  
  127  8:17  Infestation Pit  
  126  8:26  Drone  
  126  8:27  Extractor, Drone x2  
  129  8:30  Extractor  
  129  8:32  Drone x3  
  129  8:33  Drone x3  
  133  8:34  Extractor  
  133  8:37  Roach x8  
  133  8:40  Zerg Missile Weapons Level 2  
  148  8:41  Zerg Ground Armor Level 2  
  148  8:44  Overlord  
  148  9:21  Roach  
  148  9:22  Roach x13  
  176  9:26  Overlord x4  
  176  9:49  Drone x2  
  178  10:01  Queen  
  178  10:03  Drone x8  
  178  10:06  Drone x2  
  190  10:33  Roach  
  190  10:34  Hydralisk  
  190  10:35  Hydralisk x3  
  200  10:45  Hive  
  200  10:47  Lair  
  200  11:11  Extractor  
  199  11:14  Extractor  
  198  11:45  Spore Crawler  
  197  11:48  Spine Crawler  
  197  11:49  Drone x2  
  197  11:50  Spine Crawler  
  197  11:53  Spore Crawler  
  196  11:57  Spine Crawler  
  196  11:58  Drone  
  196  11:59  Drone x2  
  190  12:02  Spore Crawler  
  171  12:12  Spore Crawler  
  171  12:14  Spine Crawler  
  171  12:15  Spine Crawler  
  152  12:24  Glial Reconstitution  
  152  12:29  Muscular Augments  
  126  12:30  Hydralisk  
  126  12:31  Hydralisk x23  
  126  12:32  Hydralisk x3  
  142  12:51  Hatchery  
  139  13:09  Roach  
  139  13:10  Roach x20  
  139  13:11  Roach x5  
  191  13:19  Hydralisk  
  171  13:20  Hydralisk  
  141  13:28  Hydralisk  
  141  13:29  Hydralisk x2  
  140  13:36  Spore Crawler  
  140  13:41  Spore Crawler  
  127  13:42  Spore Crawler x2  
  127  13:45  Spore Crawler  
  127  13:46  Spore Crawler  
  127  13:48  Lair  
  119  13:52  Hydralisk  
  119  13:53  Hydralisk x7  
  125  14:03  Hydralisk  
  125  14:04  Hydralisk x4  
  124  14:15  Hydralisk x6  
  124  14:16  Hydralisk x5  
  108  14:27  Hydralisk  
  108  14:28  Hydralisk x6  
  100  14:40  Hydralisk x8  
  100  14:41  Hydralisk  
  106  14:55  Spore Crawler  
  106  14:56  Spore Crawler  
  106  14:57  Drone  
  106  14:58  Drone x8, Spore Crawler  
  112  15:00  Spore Crawler  
  103  15:40  Drone x10  
  113  15:48  Drone x2  
  115  16:03  Drone x5  
  115  16:04  Drone x2  
  124  16:05  Drone  
  124  16:06  Drone x3  
  124  16:09  Roach  
  124  16:10  Hydralisk x4  
  134  16:32  Hydralisk x14  
  125  17:18  Hatchery  
  116  17:28  Hatchery  
  116  17:29  Hydralisk  
  109  17:30  Hydralisk x21  
  141  17:50  Queen  
  143  18:02  Grooved Spines  
  143  18:04  Roach  
  143  18:05  Roach x10  
  165  18:11  Spire  
  164  18:21  Overlord x3  
  146  19:06  Drone x2  
  146  19:07  Drone x5  
  146  19:08  Queen, Drone x2  
  157  19:11  Drone x3  
  157  19:12  Drone x6  
  164  19:21  Hydralisk  
  164  19:22  Hydralisk x11  
  132  20:39  Hydralisk x12  
  132  20:40  Hydralisk x23  
  196  21:00  Extractor  
  196  21:02  Extractor  
  194  21:14  Evolution Chamber  
  194  21:16  Evolution Chamber  
  192  21:18  Hydralisk  
  192  21:19  Hydralisk x3  
Tags
 
Add a new tag
Caveats
  • Supply blocks, unpowered buildings, or Contaminate may cause inaccurate times.
  • Supply counts are checked every 10 seconds.